 Dungeon Sprint DCSS version 0.23.2-33-g5129a83184 (webtiles) character file.

Game seed: 17245205741676810616

505235 wilfster70 the Conqueror (level 20, 106/216 HPs)
             Began as a Hill Orc Fighter on June 27, 2019.
             Was the Champion of Qazlal.
             Escaped with the Orb!
             The game lasted 00:41:07 (8895 turns).

wilfster70 the Conqueror (Hill Orc Fighter)         Turns: 8895, Time: 00:41:07

Health: 106/216    AC: 39    Str: 37    XL:     20   Next: 44%
Magic:  50/51      EV: 17    Int: 21    God:    Qazlal [******]
Gold:   251        SH: 39    Dex: 10    Spells: 68/73 levels left

rFire    + . .     SeeInvis .   a - +6 broad axe (freeze)
rCold    . . .     Gourm    .   S - +0 large shield of Iwenupsi {Int+5}
rNeg     . . .     Faith    .   r - +4 plate armour {MR+}
rPois    +         Spirit   .   t - +0 hat {MR+}
rElec    +         Reflect  +   d - +0 cloak
rCorr    .         Harm     .   D - +1 pair of gloves
MR       +++..     NoTele   +   z - +0 pair of boots {Fly}
Stlth    ..........             V - amulet of Red Wine {Reflect Str+4 SH+3 Stlth+}
HPRegen  0.46/turn              O - ring "Tioppaha" {rElec rPois Str+6 Int+7 Stlth+}
MPRegen  0.32/turn              Q - ring "Seywn" {AC+6 Slay+5}

@: protected from fire, flying, studying Ice Magic, repel missiles
A: no striking features
0: Orb of Zot
a: Upheaval, Elemental Force, Disaster Area, Renounce Religion, Stop Flying


You escaped.
You worshipped Qazlal.
Qazlal was exalted by your worship.
You were not hungry.

You visited 1 branch You collected 251 gold pieces.

Inventory:

Hand Weapons
 a - a +6 broad axe of freezing (weapon)
 b - a +2 flail of crushing
 c - a +2 scimitar of flaming
 R - a +7 broad axe
Armour
 d - a +0 cloak (worn)
 r - a +4 plate armour of magic resistance (worn)
 t - a +0 hat of magic resistance (worn)
 z - a +0 pair of boots of flying (worn)
 D - a +1 pair of gloves (worn)
 S - the +0 large shield of Iwenupsi (worn) {Int+5}
   (You found it in the Dungeon)

   It affects your intelligence (+5).
Jewellery
 y - the ring "Sael" {rCorr *Slow +Blink Str+6 Dex+2}
   (You found it in the Dungeon)

   [ring of resist corrosion]

   It affects your strength (+6).
   It affects your dexterity (+2).
   It lets you blink.
   It may slow you when you take damage.
 F - an uncursed ring of magical power
 I - an uncursed ring of positive energy
 J - an uncursed ring of protection from magic
 K - an uncursed ring of positive energy
 N - the ring "Nyhalen" {rF+ Str+6}
   (You found it in the Dungeon)

   [ring of protection from fire]

   It affects your strength (+6).
   It protects you from fire.
 O - the ring "Tioppaha" (left hand) {rElec rPois Str+6 Int+7 Stlth+}
   (You found it in the Dungeon)

   [ring of strength]

   It affects your strength (+6).
   It affects your intelligence (+7).
   It insulates you from electricity.
   It protects you from poison.
   It makes you more stealthy.
 P - the ring of Zirchem Napn {rC+ rN+ MR+ Dex+2}
   (You found it in the Dungeon)

   [ring of protection from magic]

   It affects your dexterity (+2).
   It protects you from cold.
   It protects you from negative energy.
   It affects your resistance to hostile enchantments.
 Q - the ring "Seywn" (right hand) {AC+6 Slay+5}
   (You found it in the Dungeon)

   [ring of protection]

   It affects your AC (+6).
   It affects your accuracy and damage with ranged weapons and melee attacks
   (+5).
 V - the amulet of Red Wine (around neck) {Reflect Str+4 SH+3 Stlth+}
   (You found it in the Dungeon)

   [amulet of reflection]

   It shields you and reflects attacks.
   It affects your strength (+4).
   It affects your SH (+3).
   It makes you more stealthy.
Wands
 u - a wand of iceblast (7)
 G - a wand of random effects (19)
 H - a wand of digging (4)
Scrolls
 k - 5 scrolls of blinking
 m - 6 scrolls of remove curse
 n - 6 scrolls of amnesia
 o - 2 scrolls of summoning
 x - 7 scrolls of identify
 A - 5 scrolls of fear
 C - 3 scrolls of fog
 T - a scroll of holy word
Potions
 e - 15 potions of curing
 g - 17 potions of heal wounds
 h - 11 potions of haste
 i - 4 potions of magic
 j - 2 potions of berserk rage
 l - 2 potions of invisibility
 s - 5 potions of mutation
 v - a potion of ambrosia
 B - 5 potions of might
 E - 4 potions of agility
Books
 p - a manual of Ice Magic
 q - a manual of Ice Magic
Miscellaneous
 L - a lamp of fire
 M - a fan of gales
Comestibles
 f - 16 rations


   Skills:
 O Level 27 Fighting
 - Level 18.0 Axes
 O Level 27 Armour
 - Level 16.1 Dodging
 - Level 25.1 Shields
 O Level 27 Spellcasting
 + Level 18.5 Necromancy
 + Level 18.5 Earth Magic
 O Level 27 Invocations


You had 68 spell levels left.
You knew the following spells:

 Your Spells              Type           Power        Failure   Level  Hunger
a - Borgnjor's Vile Clut  Necr/Erth      #######...   1%          5    None

Your spell library contained the following spells:

 Spells                   Type           Power        Failure   Level  Hunger
 Animate Skeleton         Necr           N/A          0%          1    None
 Corpse Rot               Necr           N/A          0%          2    None
 Sublimation of Blood     Necr           #######...   0%          2    None
 Passwall                 Tmut/Erth      ######..     1%          2    None
 Leda's Liquefaction      Hex/Erth       ######....   1%          4    None
 Petrify                  Tmut/Erth      ######..     1%          4    None
 Agony                    Necr           #######.     1%          5    None
 Bolt of Draining         Conj/Necr      ######....   1%          5    None
 Dispel Undead            Necr           #######.     1%          5    None
 Excruciating Wounds      Chrm/Necr      ######....   1%          5    None
 Lee's Rapid Deconstruct  Erth           #######...   1%          5    None
 Apportation              Tloc           ####..       2%          1    None
 Beastly Appendage        Tmut           ####..       2%          1    None
 Confusing Touch          Hex            ####..       2%          1    None
 Corona                   Hex            ####...      2%          1    None
 Flame Tongue             Conj/Fire      ####.        2%          1    None
 Freeze                   Ice            ####         2%          1    None
 Sting                    Conj/Pois      ####         2%          1    None
 Summon Butterflies       Summ           ####....     2%          1    None
 Summon Small Mammal      Summ           ####         2%          1    None
 Call Imp                 Summ           ####....     3%          2    None
 Slow                     Hex            ####....     3%          2    None
 Sticks to Snakes         Tmut           ####....     3%          2    None
 Swiftness                Chrm/Air       ####....     3%          2    None
 Throw Frost              Conj/Ice       ####..       3%          2    None
 Bolt of Magma            Conj/Fire/Erth ######....   5%          5    None
 Call Canine Familiar     Summ           ####....     8%          3    None
 Confuse                  Hex            ####....     8%          3    None
 Gell's Gravitas          Tloc           ####......   8%          3    None
 Ignite Poison            Fire/Tmut/Pois ####....     8%          3    None
 Inner Flame              Hex/Fire       ####....     8%          3    None
 Lesser Beckoning         Tloc           ####......   8%          3    None
 Portal Projectile        Hex/Tloc       ####..       8%          3    None
 Recall                   Summ/Tloc      N/A          8%          3    None
 Spider Form              Tmut/Pois      ####......   8%          3    None
 Static Discharge         Conj/Air       ####....     8%          3    None
 Summon Guardian Golem    Hex/Summ       ####....     8%          3    None
 Tukima's Dance           Hex            ####....     8%          3    None
 Statue Form              Tmut/Erth      ######...    9%          6    None
 Cause Fear               Hex            ####......   26%         4    None
 Force Lance              Conj/Tloc      ####....     26%         4    None
 Ice Form                 Ice/Tmut       ####....     26%         4    None
 Sticky Flame             Conj/Fire      ####....     26%         4    None
 Summon Ice Beast         Ice/Summ       ####....     26%         4    None
 Summon Lightning Spire   Summ/Air       ####....     26%         4    None
 Throw Icicle             Conj/Ice       ####....     26%         4    None
 Alistair's Intoxication  Tmut/Pois      ####....     56%         5    None
 Aura of Abjuration       Summ           ####......   56%         5    None
 Blade Hands              Tmut           ####......   56%         5    None
 Irradiate                Conj/Tmut      ####......   56%         5    None
 Lightning Bolt           Conj/Air       ####......   56%         5    None
 Metabolic Englaciation   Hex/Ice        ####......   56%         5    None
 Silence                  Hex/Air        ####......   56%         5    None
 Summon Demon             Summ           ####......   56%         5    None
 Summon Forest            Summ/Tloc      ####......   56%         5    None
 Summon Mana Viper        Hex/Summ       ####....     56%         5    None
 Yara's Violent Unravell  Hex/Tmut       ####......   56%         5    None
 Shatter                  Erth           #######...   78%         9    #######
 Bolt of Cold             Conj/Ice       ####......   98%         6    None
 Bolt of Fire             Conj/Fire      ####......   98%         6    None
 Conjure Ball Lightning   Conj/Air       ####......   98%         6    None
 Darkness                 Hex            ####......   98%         6    None
 Deflect Missiles         Chrm/Air       ####......   98%         6    None
 Dispersal                Tloc           ####......   98%         6    None
 Hydra Form               Tmut           ####......   98%         6    None
 Invisibility             Hex            ####....     98%         6    None
 Shadow Creatures         Summ           N/A          98%         6    None
 Dragon Form              Tmut           ####......   100%        7    ####...
 Malign Gateway           Summ/Tloc      ####......   100%        7    ####...
 Monstrous Menagerie      Summ           ####......   100%        7    ####...
 Orb of Destruction       Conj           ####......   100%        7    ####...
 Ring of Flames           Chrm/Fire      ####......   100%        7    ####...
 Spellforged Servitor     Conj/Summ      ####......   100%        7    ####...
 Summon Greater Demon     Summ           ####......   100%        7    ####...
 Ignition                 Fire           ####......   100%        8    #####..
 Summon Horrible Things   Summ           ####......   100%        8    #####..
 Tornado                  Air            ####......   100%        9    #######
 Passage of Golubria      Tloc           Unusable     N/A         4    N/A

Dungeon Overview and Level Annotations

Branches:
Dungeon (1/1)

Altars:
Ashenzari
Cheibriados
Dithmenos
Elyvilon
Fedhas
Gozag
Hepliaklqana
Kikubaaqudgha
Makhleb
Nemelex Xobeh
Okawaru
Qazlal
Ru
Sif Muna
Trog
Uskayaw
Vehumet
Wu Jian
Xom
Yredelemnul
Zin
The Shining One
Beogh
Jiyva
Lugonu


Message History

The Tzitzimitl is heavily wounded.
The blast of rubble hits the Tzitzimitl but does no damage.
The Tzitzimitl is heavily wounded.
The blast of rubble hits the gelid demonspawn!!!
You kill the gelid demonspawn!
Qazlal accepts your kill.
The blast of magma engulfs the Tzitzimitl!!!
The Tzitzimitl is severely wounded.
The blast of magma engulfs the Tzitzimitl!!!
You kill the Tzitzimitl!
Qazlal accepts your kill.
A smoke demon comes into view.
The smoke demon gestures at you. Something smites you!
The smoke demon gestures at you.
The ball of steam hits you but does no damage.
You feel protected from fire.
There is an open door to the Entrance Hall (Safe) here.
There is a staircase leading out of the dungeon here.
You have escaped!

##########.##.....§§§........''..
#.....)[).).((..§§§.......)..''..
#'#####'#####......#..#......##..
#.#...[.#..##....3...........##..
#.#.....#.)#####'#####''#########
#.###)###))##....°..##''#########
#.#.....#))##.○°○...##......#...(
#.#.....#[[##....○°.##....###..)#
#.####'##'###.☼.@.§.##..)##.+..)'
#.#........##.......##..##..##'##
#.#........##.....○.##..#..##...#
#'###########.......##..#..#.....
#.......#..###########..)..'.....
#...#...#)############..#..#.....
#...#)..#)#....#..[.##..#..##...#
#.##.##.#'#....#..[.##..##..##'##
#...#...#.'....'..))##...##.'...+


You could see a smoke demon.

Vanquished Creatures
  Gloorx Vloq (D)
  the Serpent of Hell (D)
  2 ancient liches (D)
  An orb of fire (D)
  2 greater mummies (D)
  Boris (D)
  the Lernaean hydra (D)
  Xtahua (D)
  Frederick (D)
  A curse toe (D)
  2 golden dragons (D)
  2 pandemonium lords (D)
  3 Tzitzimimeh (D)
  2 Brimstone Fiends (D)
  A hellephant (D)
  2 Ice Fiends (D)
  A Hell Sentinel (D)
  28 Orb Guardians (D)
  2 tentacled monstrosities (D)
  5 titans (D)
  A quicksilver dragon (D)
  A lich (D)
  3 deep elf blademasters (D)
  A deep elf master archer (D)
  2 sphinxes (D)
  A nagaraja (D)
  A draconian monk (D)
  A storm dragon (D)
  A frost giant (D)
  2 orc warlords (D)
  3 deep elf sorcerers (D)
  A balrug (D)
  2 draconian stormcallers (D)
  4 ghouls (D)
  A vampire knight (D)
  7 dire elephants (D)
  2 green draconians (D)
  3 deep elf demonologists (D)
  2 purple draconians (D)
  4 white draconians (D)
  4 black draconians (D)
  A lorocyproca (D)
  A deep elf annihilator (D)
  A yellow draconian (D)
  A red draconian (D)
  5 deep elf death magi (D)
  2 green deaths (D)
  Josephine (D)
  3 eidola (D)
  2 merfolk javelineers (D)
  2 death oozes (D)
  2 deep elf high priests (D)
  3 fire dragons (D)
  3 ice dragons (D)
  A naga warrior (D)
  2 great orbs of eyes (D)
  Harold (D)
  A yaktaur captain (D)
  13 hydras (D)
  A hell beast (D)
  4 vault guards (D)
  A spriggan air mage (D)
  6 catoblepae (D)
  An alligator snapping turtle (D)
  An anaconda (D)
  A death knight (D)
  2 dancing weapons (D)
  3 vampire magi (D)
  A two-headed ogre (D)
  A spriggan berserker (D)
  A spriggan (D)
  A soul eater (D)
  2 deep elf knights (D)
  Sonja (D)
  An iron troll (D)
  A sun demon (D)
  14 hell knights (D)
  A cherub (D)
  5 skeletal warriors (D)
  3 wizards (D)
  A deep troll (D)
  5 swamp dragons (D)
  A gelid demonspawn (D)
  A phantasmal warrior (D)
  5 lindwurms (D)
  2 ugly things (D)
  2 deep elf magi (D)
  10 orc knights (D)
  6 necromancers (D)
  2 orc sorcerers (D)
  A molten gargoyle (D)
  2 naga magi (D)
  A merfolk siren (D)
  An orange demon (D)
  2 efreet (D)
  A hellion (D)
  A gargoyle (D)
  4 rime drakes (D)
  5 komodo dragons (D)
  2 kobold demonologists (D)
  A hellwing (D)
  A tormentor (D)
  2 ice devils (D)
  A red devil (D)
  2 hornets (D)
  3 polar bears (D)
  4 merfolk (D)
  6 blink frogs (D)
  A wind drake (D)
  A large abomination (D)
  A hippogriff (D)
  4 dream sheep (D)
  A bog body (D)
  2 snapping turtles (D)
  2 water elementals (D)
  A flying skull (D)
  A redback (D)
  2 ynoxinuls (D)
  A hog (shapeshifter) (D)
  5 wraiths (D)
  7 wyverns (D)
  2 basilisks (D)
  A golden eye (D)
  4 yaks (D)
  A chaos spawn (D)
  4 steam dragons (D)
  3 vampire mosquitoes (D)
  A hungry ghost (D)
  A warg (D)
  Edmund (D)
  5 acid dragons (D)
  2 soldier ants (D)
  A porcupine (D)
  2 floating eyes (D)
  An ice beast (D)
  A phantom (D)
  2 eyes of draining (D)
  2 necrophages (D)
  A sky beast (D)
  A wolf (D)
  A centaur (D)
  2 earth elementals (D)
  A jelly (D)
  A hound (D)
  A gnoll shaman (D)
  An orc priest (D)
  2 orc wizards (D)
  A mummy (D)
  2 gnolls (D)
  An ufetubus (D)
  An ooze (D)
  2 adder skeletons (D)
  2 worms (D)
  An adder simulacrum (D)
  A leopard gecko (D)
  2 orcs (D)
  A bat zombie (D)
  2 goblins (D)
  2 kobolds (D)
  A quokka (D)
  3 ball pythons (D)
  A ball python simulacrum (D)
  A ball python skeleton (D)
  A ball python zombie (D)
  A bat simulacrum (D)
  3 giant cockroach zombies (D)
  A leopard gecko zombie (D)
  A quokka simulacrum (D)
  2 rats (D)
  5 crawling corpses (D)
391 creatures vanquished.

Notes
Turn   | Place    | Note
-------+----------+-------------------------------------------
     0 | D        | wilfster70 the Hill Orc Fighter began the quest for the
                  | Orb.
     0 | D        | Reached XP level 1. HP: 19/19 MP: 1/1
    18 | D        | Found a bloodstained altar of Trog.
    18 | D        | Found a deep blue altar of Sif Muna.
    18 | D        | Found a viscous altar of Jiyva.
    18 | D        | Found a hazy altar of Hepliaklqana.
    18 | D        | Found an opulent altar of Gozag.
    19 | D        | Found a glowing golden altar of the Shining One.
    19 | D        | Found a glowing silver altar of Zin.
    19 | D        | Found a basalt altar of Yredelemnul.
    19 | D        | Found a shimmering altar of Xom.
    19 | D        | Found an ornate altar of the Wu Jian Council.
    19 | D        | Found a sacrificial altar of Ru.
    19 | D        | Found a stormy altar of Qazlal.
    19 | D        | Found an iron altar of Okawaru.
    19 | D        | Found a sparkling altar of Nemelex Xobeh.
    19 | D        | Found a burning altar of Makhleb.
    19 | D        | Found a blossoming altar of Fedhas.
    19 | D        | Found a white marble altar of Elyvilon.
    19 | D        | Found a shadowy altar of Dithmenos.
    19 | D        | Found a snail-covered altar of Cheibriados.
    20 | D        | Found a radiant altar of Vehumet.
    20 | D        | Found a corrupted altar of Lugonu.
    20 | D        | Found a roughly hewn altar of Beogh.
    21 | D        | Found an ancient bone altar of Kikubaaqudgha.
    21 | D        | Found a hide-covered altar of Uskayaw.
    21 | D        | Found a shattered altar of Ashenzari.
    24 | D        | Became a worshipper of Qazlal Stormbringer
   147 | D        | Reached * piety under Qazlal
   155 | D        | Noticed a wolf
   176 | D        | HP: 1/20 [wolf (6)]
   185 | D        | Killed a wolf
   185 | D        | Reached ** piety under Qazlal
   185 | D        | Reached skill level 5 in Fighting
   185 | D        | Reached skill level 5 in Armour
   185 | D        | Reached skill level 5 in Shields
   185 | D        | Reached XP level 2. HP: 5/30 MP: 2/2
   185 | D        | Reached XP level 3. HP: 7/37 MP: 3/3
   185 | D        | Reached XP level 4. HP: 8/44 MP: 4/4
   504 | D        | Noticed a hungry ghost
   525 | D        | Reached *** piety under Qazlal
   525 | D        | Reached XP level 5. HP: 44/50 MP: 5/5
   557 | D        | Killed a hungry ghost
   557 | D        | Reached skill level 10 in Axes
   557 | D        | Reached XP level 6. HP: 55/60 MP: 6/6
   572 | D        | Noticed a flying skull
   588 | D        | Killed a flying skull
   595 | D        | Reached **** piety under Qazlal
   682 | D        | Noticed an ice beast
   687 | D        | Killed an ice beast
   687 | D        | Reached XP level 7. HP: 69/69 MP: 7/7
   689 | D        | Noticed a wyvern
   698 | D        | Killed a wyvern
   700 | D        | Noticed a deep elf mage
   707 | D        | Noticed a chaos spawn
   709 | D        | Noticed a demonic crawler
   709 | D        | Noticed a redback
   715 | D        | Killed a deep elf mage
   715 | D        | Reached skill level 10 in Fighting
   715 | D        | Reached XP level 8. HP: 12/79 MP: 8/8
  1024 | D        | Reached ***** piety under Qazlal
  1205 | D        | Noticed a merfolk siren
  1217 | D        | Killed a merfolk siren
  1217 | D        | Reached skill level 15 in Axes
  1217 | D        | Reached skill level 10 in Armour
  1217 | D        | Reached skill level 10 in Shields
  1223 | D        | Noticed a blink frog
  1223 | D        | Noticed a blink frog
  1225 | D        | Noticed a blink frog
  1234 | D        | Killed a blink frog
  1234 | D        | Reached XP level 9. HP: 89/89 MP: 9/9
  1243 | D        | Noticed an efreet
  1246 | D        | Killed an efreet
  1266 | D        | Reached ****** piety under Qazlal
  1318 | D        | Noticed a polar bear
  1325 | D        | Killed a polar bear
  1331 | D        | Noticed Edmund
  1339 | D        | Killed Edmund
  1344 | D        | Noticed a lindwurm
  1346 | D        | Reached XP level 10. HP: 100/100 MP: 5/10
  1351 | D        | Killed a lindwurm
  1390 | D        | Noticed a six-headed hydra
  1393 | D        | Noticed Harold
  1397 | D        | Noticed a death knight
  1402 | D        | Killed a one-headed hydra
  1430 | D        | Killed a death knight
  1487 | D        | Killed Harold
  1487 | D        | Reached skill level 15 in Fighting
  1487 | D        | Reached XP level 11. HP: 48/112 MP: 7/11
  1884 | D        | Noticed a deep troll
  1887 | D        | Reached skill level 1 in Invocations
  1902 | D        | Killed a deep troll
  1903 | D        | Noticed a skeletal warrior
  1903 | D        | Noticed a skeletal warrior
  1904 | D        | Noticed a skeletal warrior
  1906 | D        | Noticed a skeletal warrior
  1907 | D        | Noticed a skeletal warrior
  1909 | D        | Reached skill level 5 in Invocations
  1910 | D        | Reached skill level 15 in Armour
  1910 | D        | Reached skill level 15 in Shields
  1928 | D        | Killed a skeletal warrior
  1930 | D        | Killed a skeletal warrior
  1937 | D        | Killed a skeletal warrior
  1938 | D        | Killed a skeletal warrior
  1952 | D        | Killed a skeletal warrior
  2391 | D        | Reached skill level 1 in Dodging
  2398 | D        | Reached XP level 12. HP: 100/125 MP: 19/19
  2496 | D        | Reached skill level 10 in Invocations
  2527 | D        | Noticed a black draconian
  2529 | D        | Noticed a vampire mage
  2544 | D        | Noticed a jiangshi
  2550 | D        | Killed a black draconian
  2551 | D        | Killed a vampire mage
  2824 | D        | Noticed a great orb of eyes
  2825 | D        | Noticed an orc warlord
  2825 | D        | Noticed an orc warlord
  2878 | D        | Killed a great orb of eyes
  2878 | D        | Reached skill level 5 in Dodging
  2889 | D        | HP: 4/128 [orc warlord/+0 bardiche (47)]
  2941 | D        | Killed an orc warlord
  3261 | D        | Noticed a deep elf blademaster
  3277 | D        | Killed a deep elf blademaster
  3331 | D        | Killed an orc warlord
  3331 | D        | Reached XP level 13. HP: 126/137 MP: 23/23
  3382 | D        | Noticed a yaktaur captain
  3395 | D        | Killed a yaktaur captain
  3395 | D        | Reached skill level 15 in Invocations
  3397 | D        | Noticed a vault guard
  3407 | D        | Noticed a vault guard
  3408 | D        | Killed a vault guard
  3419 | D        | Noticed a deep elf blademaster
  3422 | D        | Killed a vault guard
  3442 | D        | Killed a deep elf blademaster
  3847 | D        | Noticed a vault guard
  3861 | D        | Killed a vault guard
  3867 | D        | Reached skill level 10 in Dodging
  3936 | D        | Noticed a deep elf high priest
  3946 | D        | Killed a deep elf high priest
  4326 | D        | Noticed Sonja
  4327 | D        | Noticed Josephine
  4334 | D        | Reached XP level 14. HP: 78/151 MP: 27/27
  4356 | D        | Killed Sonja
  4376 | D        | Killed Josephine
  4842 | D        | Noticed a sphinx
  4843 | D        | Noticed a yellow draconian
  4843 | D        | Noticed a white draconian stormcaller
  4846 | D        | Paralysed by a sphinx for 4 turns
  4849 | D        | Noticed a green draconian
  4864 | D        | Killed a green draconian
  4864 | D        | Killed a white draconian stormcaller
  4870 | D        | Killed a sphinx
  4870 | D        | Killed a yellow draconian
  4934 | D        | Paralysed by a floating eye for 4 turns
  5070 | D        | Noticed a deep elf sorcerer
  5080 | D        | Killed a deep elf sorcerer
  5149 | D        | Noticed a deep elf demonologist
  5157 | D        | Killed a deep elf demonologist
  5197 | D        | Noticed a deep elf sorcerer
  5198 | D        | Noticed a nagaraja
  5198 | D        | Noticed a purple draconian stormcaller
  5204 | D        | Noticed a sphinx
  5206 | D        | Killed a sphinx
  5206 | D        | Killed a nagaraja
  5210 | D        | Killed a deep elf sorcerer
  5213 | D        | Killed a purple draconian stormcaller
  5216 | D        | Noticed a titan
  5223 | D        | Killed a titan
  5601 | D        | Got the Reference Book on Burning Companions
  5603 | D        | Noticed a purple draconian
  5614 | D        | Noticed a purple draconian
  5616 | D        | Killed a purple draconian
  5616 | D        | Reached XP level 15. HP: 166/166 MP: 28/30
  5627 | D        | Got the Volume of the Frigorific Volcanoes
  5634 | D        | Got the Volume of the Shifting Arsonist
  5638 | D        | Got the Catalogue of Hexes and Transformation
  5641 | D        | Got Sif Muna's Grimoire of Ashen Ignition
  5691 | D        | Got the ring "Cinwushra" {rElec rN+ Int+8 Dex-3}
  5693 | D        | Got the ring of Hurghenk {rN+ Int+4}
  5695 | D        | Got the ring "Qir Muck" {Ice rPois MP+9 Str+4}
  5697 | D        | Got the ring of Zuom {rN+ Str+3 Int+3 Slay+2}
  5699 | D        | Got the ring "Zevvaohu" {+Fly rN+ Int+4}
  5701 | D        | Got the ring "Gityleru" {rC+ rN+ Dex+2}
  5703 | D        | Got the ring "Tioppaha" {rElec rPois Str+6 Int+7 Stlth+}
  5705 | D        | Got the ring of Zirchem Napn {rC+ rN+ MR+ Dex+2}
  5707 | D        | Got the ring "Seywn" {AC+6 Slay+5}
  5709 | D        | Got the ring of the Tick {Str+3 Int+6}
  5711 | D        | Got the ring "Besof" {+Fly rC- rN+ AC+6 Slay+3}
  5713 | D        | Got the ring of Toadgh {Str+6 Int+5}
  5715 | D        | Got the ring of Xagri {rPois rN+ MR- Slay+2}
  5736 | D        | Got the amulet of Niqosin {Gourm rElec Dex+6}
  5738 | D        | Got the amulet "Biborghemn" {Spirit rN+++}
  5740 | D        | Got the ring "Buarak" {Ice *Corrode Int-4 Dex+8}
  5742 | D        | Got the ring "Sael" {rCorr *Slow +Blink Str+6 Dex+2}
  5744 | D        | Got the amulet of Red Wine {Reflect Str+4 SH+3 Stlth+}
  5746 | D        | Got the amulet "Fohadywu" {Spirit rC+ Slay+4}
  5748 | D        | Got the ring "Unetaq" {rCorr rElec rC- Str+4 Stlth+}
  5750 | D        | Got the amulet "Morgh" {Faith rElec rF+ Stlth-}
  5752 | D        | Got the amulet of Democracy {RegenMP rPois rN+++ MR- Dex+4}
  5773 | D        | Got the ring of Elitism {rC+ MP+9 Str+3 Slay-3}
  5775 | D        | Got the amulet "Kaiff" {+Rage rF+ Str+3}
  5777 | D        | Got the ring "Nyhalen" {rF+ Str+6}
  5779 | D        | Got the amulet of Ziddof {+Rage rF+ Int+3}
  5899 | D        | Identified the +10 scimitar "Wazyqiw" {speed, +Blink}
  5916 | D        | Reached skill level 15 in Dodging
  6220 | D        | Noticed a titan
  6223 | D        | Killed a titan
  6238 | D        | Reached skill level 27 in Fighting
  6240 | D        | Noticed a Brimstone Fiend
  6243 | D        | Killed a Brimstone Fiend
  6243 | D        | Reached skill level 27 in Invocations
  6243 | D        | Reached skill level 1 in Spellcasting
  6553 | D        | Reached XP level 16. HP: 183/183 MP: 33/33
  6586 | D        | Reached skill level 5 in Spellcasting
  6682 | D        | Got the Tome of the Rocks and Confrontation
  6729 | D        | Got the Collected Works on the Frostbite and the Compass
  6814 | D        | Got the +0 large shield of Iwenupsi {Int+5}
  7085 | D        | Noticed a golden dragon
  7086 | D        | Killed a golden dragon
  7086 | D        | Reached skill level 10 in Spellcasting
  7086 | D        | Reached XP level 17. HP: 174/191 MP: 16/34
  7197 | D        | Learned a level 5 spell: Borgnjor's Vile Clutch
  7256 | D        | Noticed an ancient lich
  7261 | D        | Noticed a golden dragon
  7271 | D        | Killed an ancient lich
  7278 | D        | Killed a golden dragon
  7475 | D        | Noticed an Orb Guardian
  7475 | D        | Noticed an Orb Guardian
  7475 | D        | Noticed an Orb Guardian
  7475 | D        | Noticed an Orb Guardian
  7491 | D        | Killed an Orb Guardian
  7492 | D        | Noticed a titan
  7494 | D        | Noticed a titan
  7495 | D        | Noticed a hellephant
  7497 | D        | Noticed the 27-headed Lernaean hydra
  7499 | D        | Killed an Orb Guardian
  7502 | D        | Killed an Orb Guardian
  7502 | D        | Killed an Orb Guardian
  7502 | D        | Killed a titan
  7503 | D        | Killed a titan
  7509 | D        | Killed the 27-headed Lernaean hydra
  7512 | D        | Noticed a tentacled monstrosity
  7512 | D        | Noticed Xtahua
  7513 | D        | Killed Xtahua
  7513 | D        | Killed a hellephant
  7513 | D        | Killed a tentacled monstrosity
  7681 | D        | Noticed a quicksilver dragon
  7693 | D        | Killed a quicksilver dragon
  7693 | D        | Reached XP level 18. HP: 168/200 MP: 36/36
  7694 | D        | Noticed an Orb Guardian
  7701 | D        | Killed an Orb Guardian
  7701 | D        | Reached skill level 15 in Spellcasting
  7702 | D        | Noticed Frederick
  7703 | D        | Noticed an Orb Guardian
  7707 | D        | Noticed an Orb Guardian
  7711 | D        | Killed an Orb Guardian
  7711 | D        | Killed an Orb Guardian
  7711 | D        | Killed Frederick
  7745 | D        | Noticed an Orb Guardian
  7746 | D        | Noticed an ancient lich
  7746 | D        | Noticed a curse toe
  7749 | D        | Killed an Orb Guardian
  7751 | D        | Noticed an Orb Guardian
  7751 | D        | Noticed a lich
  7752 | D        | Noticed a Tzitzimitl
  7752 | D        | Noticed a Brimstone Fiend
  7754 | D        | Killed a Tzitzimitl
  7754 | D        | Killed a Brimstone Fiend
  7754 | D        | Reached skill level 27 in Armour
  7754 | D        | Killed an Orb Guardian
  7754 | D        | Killed an ancient lich
  8036 | D        | Noticed Boris
  8043 | D        | Killed a lich
  8051 | D        | Killed Boris
  8054 | D        | Noticed a tentacled monstrosity
  8056 | D        | Killed a tentacled monstrosity
  8212 | D        | Noticed an Ice Fiend
  8222 | D        | Killed an Ice Fiend
  8243 | D        | Killed a curse toe
  8444 | D        | Noticed an Orb Guardian
  8449 | D        | Killed an Orb Guardian
  8452 | D        | Noticed an Orb Guardian
  8452 | D        | Noticed an Orb Guardian
  8453 | D        | Noticed an Orb Guardian
  8461 | D        | Killed an Orb Guardian
  8468 | D        | Killed an Orb Guardian
  8469 | D        | Killed an Orb Guardian
  8483 | D        | Noticed a deep elf master archer
  8484 | D        | Noticed an Orb Guardian
  8484 | D        | Noticed Gloorx Vloq
  8485 | D        | Noticed an Orb Guardian
  8485 | D        | Noticed an Orb Guardian
  8486 | D        | Noticed an orb of fire
  8486 | D        | Noticed an Orb Guardian
  8486 | D        | Noticed a greater mummy
  8486 | D        | Noticed the Serpent of Hell
  8487 | D        | Noticed an Orb Guardian
  8487 | D        | Noticed an Orb Guardian
  8487 | D        | Noticed an Orb Guardian
  8487 | D        | Noticed an Orb Guardian
  8488 | D        | Killed a deep elf master archer
  8488 | D        | Reached XP level 19. HP: 178/207 MP: 45/45
  8488 | D        | Killed an orb of fire
  8489 | D        | Killed Gloorx Vloq
  8489 | D        | Killed a greater mummy
  8489 | D        | Reached skill level 27 in Spellcasting
  8489 | D        | Killed an Ice Fiend
  8489 | D        | Killed the Serpent of Hell
  8489 | D        | Reached skill level 10 in Necromancy
  8489 | D        | Reached skill level 10 in Earth Magic
  8490 | D        | Noticed a greater mummy
  8492 | D        | Killed a greater mummy
  8492 | D        | Noticed Viuvuyta the pandemonium lord
  8494 | D        | Killed Viuvuyta the pandemonium lord
  8494 | D        | Reached XP level 20. HP: 166/216 MP: 32/51
  8496 | D        | Noticed Fuzos the pandemonium lord
  8498 | D        | Noticed a Tzitzimitl
  8502 | D        | Killed a Tzitzimitl
  8505 | D        | Reached skill level 15 in Necromancy
  8505 | D        | Reached skill level 15 in Earth Magic
  8510 | D        | Killed Fuzos the pandemonium lord
  8779 | D        | Got the Orb of Zot
  8873 | D        | Noticed a Tzitzimitl
  8875 | D        | Killed a Tzitzimitl
  8895 | D        | Escaped with the Orb!

Skill      XL: |  1  2  3  4  5  6  7  8  9 10 11 12 13 14 15 16 17 18 19 20 |
---------------+-------------------------------------------------------------+-----
Axes           | 7 8 10 12 14 15 16 18 | 18.0
Fighting       | 5 6 7 8 10 11 12 15 17 19 21 24 27 | 27.0
Armour         | 5 6 8 9 10 11 14 16 18 21 25 27 | 27.0
Shields        | 5 6 8 9 10 11 14 15 20 25 | 25.1
Invocations    | 9 14 18 22 27 | 27.0
Dodging        | 1 7 11 14 15 16 | 16.1
Spellcasting   | 2 10 14 22 27 | 27.0
Necromancy     | 12 18 | 18.5
Earth Magic    | 12 18 | 18.5

Action                   |  1- 3 |  4- 6 |  7- 9 | 10-12 | 13-15 | 16-18 | 19-21 || total
-------------------------+-------+-------+-------+-------+-------+-------+-------++-------
Melee: War axe           |    31 |    76 |    88 |   228 |    83 |       |       ||   506
       Scimitar          |       |       |       |     7 |       |       |       ||     7
       Broad axe         |       |       |       |       |   251 |   209 |    22 ||   482
Invok: Upheaval          |       |       |     1 |       |       |       |       ||     1
       Disaster Area     |       |       |       |     3 |    12 |    13 |     7 ||    35
  Use: Potion            |     2 |     1 |     1 |     5 |     4 |       |       ||    13
       Scroll            |       |       |       |     4 |       |     2 |       ||     6
  Eat: Chunk             |       |     3 |     3 |     6 |     9 |     2 |       ||    23
       Ration            |       |       |       |       |     1 |     1 |       ||     2
Armor: Scale mail        |    36 |     2 |       |       |       |       |       ||    38
       Chain mail        |       |    24 |    11 |       |       |       |       ||    35
       Plate armour      |       |       |    15 |   127 |    91 |    64 |     2 ||   299
Dodge: Dodged            |    18 |     5 |     9 |    39 |    66 |    45 |     5 ||   187
       Deflected         |       |       |       |       |     3 |     3 |     1 ||     7
Block: Shield            |    41 |    52 |    55 |   236 |   259 |    23 |       ||   666
       Reflection        |       |       |       |       |     1 |     6 |       ||     7
       Large shield      |       |       |       |       |       |   243 |    26 ||   269
       Rpst.: Scimitar   |       |       |       |     1 |       |       |       ||     1
